 Dungeon Crawl Stone Soup version 0.29-a0-1043-g569b05d6ff (webtiles) character file.

Game seed: 17276035196605638017

2 drugrobin the Sneak (level 1, 0/18 HPs)
             Began as a Demigod Delver on Aug 16, 2022.
             Slain by a hound (1 damage)
             ... on level 3 of the Dungeon.
             The game lasted 00:01:29 (186 turns).

drugrobin the Sneak (Demigod Delver)                 Turns: 186, Time: 00:01:29

Health: 0/18       AC:  3    Str: 13    XL:     1   Next: 20%
Magic:  3/3        EV: 11    Int: 12    God:
Gold:   0          SH:  3    Dex: 15    Spells: 0/0 levels left

rFire   . . .      SeeInvis .   a - +0 hand axe
rCold   . . .      Faith    .   i - +0 buckler
rNeg    . . .      Spirit   .   b - +0 leather armour
rPois   .          Reflect  .   (no helmet)
rElec   .          Harm     .   (no cloak)
rCorr   .          Rampage  .   (no gloves)
Will    .....                   (no boots)
Stlth   +++.......              (no amulet)
HPRegen 0.06/turn               (no ring)
MPRegen 0.08/turn               (no ring)

@: hasted, very quick
A: high MP 1, forlorn, divine attributes
a: no special abilities


You were on level 3 of the Dungeon.
You visited 1 branch of the dungeon, and saw 4 of its levels.

Inventory:

Hand Weapons
 a - a +0 hand axe (weapon)
Armour
 b - a +0 leather armour (worn)
 i - a +0 buckler (worn)
Wands
 g - a wand of digging (3)
Scrolls
 c - a scroll of fog
 d - a scroll of summoning {unknown}
 e - a scroll of fear
 h - a scroll of amnesia {unknown}


   Skills:
 + Level 2.7 Fighting
 + Level 1.8 Axes
 + Level 1.8 Dodging
 + Level 4.5 Stealth


You couldn't memorise any spells.
You didn't know any spells.
Your spell library contained the following spells:

 Spells                   Type           Power      Damage    Failure   Level
 Poisonous Vapours        Pois/Air       0%         N/A       65%         2
 Corpse Rot               Necr/Pois/Air  0%         N/A       99%         4


Dungeon Overview and Level Annotations

Branches:
Dungeon (6/15)             Temple (0/1) D:4

Annotations:
D:6 Menkaure


Innate Abilities, Weirdness & Mutations

You have an increased reservoir of magic. (+10% MP)
You shall have no god before yourself.
Your divine heritage dramatically boosts your attributes as you level up.


Message History

The orc shouts!
A hound comes into view.
Unknown command.
A hound comes into view.
Unknown command.
The hound closely misses you.
Unknown command.
Unknown command.
The hound bites you but does no damage. You block the hound's attack.
The hound attacks as you move away! The hound bites you.
The hound attacks as you move away! The hound bites you.
* * * LOW HITPOINT WARNING * * *
Found 9 gold pieces.
Unknown command.
Unknown command.
The hound attacks as you move away! The hound barely misses you.
Found a stone staircase leading up.
Unknown command.
The hound attacks as you move away! You block the hound's attack.
The hound attacks as you move away! The hound bites you.
* * * LOW HITPOINT WARNING * * *
Found a stone staircase leading down.
Unknown command.
Unknown command.
Unknown command.
Unknown command.
There is a stone staircase leading up here.
Unknown command.
Unknown command.
Unknown command.
The hound barely misses you.
You climb upwards.
Found 14 gold pieces.
Found a stone staircase leading up.
There is a stone staircase leading down here.
Unknown command.
Unknown command.
The hound stops to sniff the ground.
The hound attacks as you move away! The hound bites you.
You die...

.......# ..
.......# #.#
....$..# #...
##.....##
#..##.......#
#..........#
#........#
#.h..<.#
##@.r.#...
#......##
....###.#.#
## #.#...
#.####. #.#
.. ... . .##


You could see a hound and a quokka (asleep).

Vanquished Creatures
  An orc (D:6)
1 creature vanquished.

Notes
Turn   | Place    | Note
-------+----------+-------------------------------------------
     0 | D:5      | drugrobin the Demigod Delver began the quest for the Orb.
     0 | D:5      | Reached XP level 1. HP: 18/18 MP: 3/3
    20 | D:6      | Noticed Menkaure
    21 | D:6      | Noticed a phantom
    34 | D:6      | Noticed a sky beast
    94 | D:5      | Noticed an iguana
   147 | D:4      | Noticed an ogre
   155 | D:4      | Found a staircase to the Ecumenical Temple.
   165 | D:4      | Noticed an orc wizard
   170 | D:4      | Noticed a hound
   171 | D:4      | Noticed a hound
   186 | D:3      | Slain by a hound

Illustrated notes

Levels and vault maps discovered:
D:3:      layout_rooms, kennysheep_generic_room_7, uniq_pargi
D:4:      layout_layer_cave, minmay_temple_entry_ruins, solitary_fountain
D:5:      layout_loops_corners, nemelex_spade_bored_becter, uniq_sigmund
D:6:      layout_basic, minitemple, uniq_menkaure, uniq_prince_ribbit1,
          uniq_blork_the_orc, uniq_pikel

Action                   || total
-------------------------++-------
Melee: Hand axe          ||     2
  Use: Scroll            ||     1
       Potion            ||     1
 Stab: Sleeping          ||     1
Armor: Leather armour    ||     2
Dodge: Dodged            ||    10
Block: Buckler           ||     4

Table legend: (Time is in decaauts)
 A = Elapsed time spent in this place.
 B = Non-inter-level travel time spent in this place.
 C = Inter-level travel time spent in this place.
 D = Time resting spent in this place.
 E = Time spent auto-exploring this place.
 F = Levels seen in this place.
 G = Mean time per level.
                   A        B        C        D        E       F      G
               +--------+--------+--------+--------+--------+-----+--------+
         Total |    175 |    175 |      0 |      0 |     28 |   4 |   43.8 |
       Dungeon |    175 |    175 |      0 |      0 |     28 |   4 |   43.8 |
               +--------+--------+--------+--------+--------+-----+--------+

Top non-repeatable levels by time:
     D:5: 90 daAuts
     D:6: 57 daAuts
     D:4: 26 daAuts
     D:3: 1 daAuts
